 Dungeon Crawl Stone Soup version 0.17-a0-2211-gbb7320e (webtiles) character file.

362 Ordine the Magician (level 6, -6/34 HPs)
             Began as a Deep Elf Wizard on Oct 27, 2015.
             Shot with an arrow of dispersal by a centaur (12 damage)
             ... on level 5 of the Dungeon.
             The game lasted 00:14:46 (3553 turns).

Ordine the Magician (Deep Elf Wizard)               Turns: 3553, Time: 00:14:46

Health: -6/34      AC:  9    Str:  2    XL:     6   Next: 39%
Magic:  3/16       EV:  8    Int: 25    God:
Gold:   189        SH:  0    Dex: 13    Spells: 5 memorised, 5 levels left

rFire  . . .     SeeInvis .     q - +1 short sword (protect)
rCold  . . .     Clarity  .     a - +1 robe
rNeg   . . .     SustAt   .     (no shield)
rPois  .         Gourm    .     b - +0 hat
rElec  .         Spirit   .     (no cloak)
rCorr  .         Warding  .     f - +0 pair of gloves
rMut   .         Stasis   .     (no boots)
MR     .....                    (no amulet)
Stlth  ++........               (no ring)
                                p - -2 ring of strength (curse)

@: not resistant to hostile enchantments, unstealthy
A: no striking features
a: no special abilities


You were on level 5 of the Dungeon.
You were not hungry.

You visited 1 branch of the dungeon, and saw 5 of its levels.

You collected 189 gold pieces.

Inventory:

Hand Weapons
 q - a +1 short sword of protection (weapon)
Armour
 a - a +1 robe (worn)
 b - a +0 hat (worn)
 f - a +0 pair of gloves (worn)
Jewellery
 p - a cursed -2 ring of strength (left hand)
Scrolls
 e - 3 scrolls of teleportation
 j - a scroll of enchant weapon
 n - 2 scrolls of amnesia
 o - a scroll of fog
Potions
 g - a potion of brilliance {unknown}
 i - a potion of resistance
 k - a potion of might {unknown}
Books
 c - a book of Minor Magic

   Spells                             Type                      Level
   a - Magic Dart                     Conjuration                  1
   b - Blink                          Translocation                2
   c - Call Imp                       Summoning                    2
   d - Repel Missiles                 Charms/Air                   2
   e - Slow                           Hexes                        2
   f - Conjure Flame                  Conjuration/Fire             3
   g - Mephitic Cloud                 Conjuration/Poison/Air       3
 r - a book of Spatial Translocations

   Spells                             Type                      Level
   a - Apportation                    Translocation                1
   b - Blink                          Translocation                2
   c - Shroud of Golubria             Charms/Translocation         2
   d - Portal Projectile              Translocation                3
   e - Teleport Other                 Translocation                3
   f - Passage of Golubria            Translocation                4
Comestibles
 d - 5 bread rations
 h - a meat ration
 l - 2 chunks of flesh
 m - a beef jerky


   Skills:
 + Level 1.1 Fighting
 + Level 1.3 Short Blades
 + Level 3.3 Dodging
 - Level 2.4 Stealth
 * Level 5.8 Spellcasting
 + Level 4.3 Conjurations
   Level 1.1 Summonings
 + Level 2.1 Translocations
 + Level 1.6 Fire Magic
 + Level 1.1 Air Magic


You had 5 spell levels left.
You knew the following spells:

 Your Spells              Type           Power        Failure   Level  Hunger
a - Magic Dart            Conj           ####         1%          1    None
b - Blink                 Tloc           N/A          6%          2    None
c - Conjure Flame         Conj/Fire      ###.....     10%         3    #......
d - Mephitic Cloud        Conj/Pois/Air  ###.....     12%         3    #......
e - Repel Missiles        Chrm/Air       ##....       10%         2    None


Dungeon Overview and Level Annotations

Branches:
Dungeon (5/15)
 Temple: D:4-7

Altars:
Cheibriados
Dithmenos
Elyvilon
Nemelex Xobeh
Zin


Message History

The centaur shoots an arrow of dispersal.
The arrow of dispersal misses you.
Casting: Magic Dart
Confirm with . or Enter, or press ? or * to list all spells.
Aiming: Magic Dart
Press: ? - help, Shift-Dir - straight line, f/p - centaur
Aim: a centaur, wielding an enchanted shortbow (heavily wounded)
The magic dart hits the centaur.
The centaur is severely wounded.
The centaur shoots an arrow of dispersal.
The arrow of dispersal hits you.
You blink.
The centaur shoots an arrow of dispersal.
The arrow of dispersal hits you!
* * * LOW HITPOINT WARNING * * *
You blink.
Unknown command.
There is a stone staircase leading up here.
The centaur shoots an arrow of dispersal.
The arrow of dispersal hits you!
You die...

.. # #. . #. .# #.
##. ##.#.. #.#
#.... ####
#..##...###..#####
.#.>.............#
..........c.....@#
#..........Y.....#
#................#
..###...###..#####
. #.ยง.# ####
..........#
#.........#
..........#
#.........#


You could see an ice beast and a centaur.

Vanquished Creatures
  A sky beast (D:4)
  A jelly (D:5)
  Terence (D:2)
  2 orc wizards
  An orc priest (D:3)
  3 adders
  An adder skeleton (D:4)
  2 worms
  2 giant geckos
  11 orcs
  7 bats
  6 giant cockroaches
  5 hobgoblins
  3 quokkas
  6 ball pythons
  A giant gecko skeleton (D:4)
  4 giant newts
  5 goblins
  7 jackals
  A jackal skeleton (D:5)
  7 kobolds
  13 rats
90 creatures vanquished.

Notes
Turn   | Place    | Note
--------------------------------------------------------------
     0 | D:1      | Ordine the Deep Elf Wizard began the quest for the Orb.
     0 | D:1      | Reached XP level 1. HP: 10/10 MP: 7/7
   231 | D:1      | Reached XP level 2. HP: 15/15 MP: 6/9
   235 | D:1      | Learned a level 2 spell: Blink
   240 | D:1      | Learned a level 2 spell: Repel Missiles
   834 | D:2      | Noticed Terence
   865 | D:2      | Killed Terence
   865 | D:2      | Reached XP level 3. HP: 19/19 MP: 1/11
   870 | D:2      | Learned a level 3 spell: Conjure Flame
   874 | D:2      | Learned a level 3 spell: Mephitic Cloud
  1083 | D:2      | Found a shadowy altar of Dithmenos.
  1157 | D:2      | Found a glowing silver altar of Zin.
  1343 | D:2      | Reached skill level 5 in Spellcasting
  1515 | D:2      | Reached XP level 4. HP: 24/24 MP: 11/13
  2137 | D:3      | Found a snail-covered altar of Cheibriados.
  2400 | D:3      | Reached XP level 5. HP: 28/28 MP: 4/14
  2435 | D:3      | Reached skill level 1 in Fire Magic
  2803 | D:4      | Reached skill level 1 in Short Blades
  2914 | D:4      | Noticed a sky beast
  2924 | D:4      | Killed a sky beast
  2924 | D:4      | Reached skill level 1 in Fighting
  2924 | D:4      | Reached skill level 1 in Air Magic
  2924 | D:4      | Reached XP level 6. HP: 32/34 MP: 4/16
  3413 | D:4      | Found a white marble altar of Elyvilon.
  3413 | D:4      | Found a sparkling altar of Nemelex Xobeh.
  3519 | D:5      | Entered Level 5 of the Dungeon
  3553 | D:5      | Shot with an arrow of dispersal by a centaur

Vault maps used:
D:1:      roderic_dead_forest, serial_forest, infiniplex_forest_lined_room_2,
          infiniplex_forest_lined_room_, infiniplex_forest_lined_1,
          infiniplex_forest_straight_3, infiniplex_forest_clump_small,
          infiniplex_forest_corner_1, infiniplex_forest_pool,
          infiniplex_forest_clump_diagonal
D:2:      lemuel_round_altar, lemuel_coloured_pillars_altar, uniq_terence
D:3:      lemuel_doored_altar
D:4:      amethyst_overflow_temple_binary
D:5:      first_bread

Action                   |  1- 3 |  4- 6 || total
-------------------------+-------+-------++-------
Melee: Short sword       |     2 |       ||     2
       Rapier            |       |     1 ||     1
 Cast: Magic Dart        |    87 |   137 ||   224
       Blink             |     1 |       ||     1
       Repel Missiles    |     1 |       ||     1
       Conjure Flame     |       |     3 ||     3
  Use: Scroll            |     6 |     5 ||    11
  Eat: Chunk             |     2 |     6 ||     8
